 Dungeon Crawl Stone Soup version 0.18-b1-2-gd0c887e (webtiles) character file.

11167 nikopol the Spear-Bearer (level 11, -2/101 HPs)
             Began as a Minotaur Berserker on Apr 28, 2016.
             Was a High Priest of Trog.
             Slain by an unseen horror (6 damage)
             ... on level 9 of the Dungeon.
             The game lasted 01:00:16 (10373 turns).

nikopol the Spear-Bearer (Minotaur Berserker)      Turns: 10373, Time: 01:00:17

Health: -2/101     AC: 17    Str: 19    XL:     11   Next: 45%
Magic:  10/10      EV: 11    Int:  4    God:    Trog [*****.]
Gold:   461        SH:  0    Dex: 11    Spells: 0 memorised, 10 levels left

rFire  . . .     SeeInvis .     a - +1 spear
rCold  + . .     Gourm    .     I - +2 chain mail {rC+}
rNeg   + + .     Faith    .     (no shield)
rPois  +         Spirit   .     (helmet restricted)
rElec  .         Dismiss  .     G - +0 cloak
rCorr  +         Reflect  .     w - +0 pair of gloves of Immorality {rPois rN++ Regen+ Str-5} (curse)
SustAt .         Harm     .     (no boots)
MR     .....                    (no amulet)
Stlth  ..........               r - ring of stealth
                                b - ring of resist corrosion

@: exhausted, slowed, very slow, not resistant to hostile enchantments,
extremely unstealthy
A: retaliatory headbutt, horns 2
a: Berserk, Trog's Hand, Brothers in Arms, Burn Spellbooks, Renounce Religion


You were on level 9 of the Dungeon.
You worshipped Trog.
Trog was extremely pleased with you.
You were not hungry.

You visited 1 branch of the dungeon, and saw 12 of its levels.
You also visited: Sewer.

You collected 600 gold pieces.
You spent 139 gold pieces at shops.

Inventory:

Hand Weapons
 a - a +1 spear (weapon)
Missiles
 K - 5 tomahawks of returning (quivered)
Armour
 l - a +0 scale mail
 u - a +1 pair of gloves
 w - the cursed +0 pair of gloves of Immorality (worn) {rPois rN++ Regen+ Str-5}
   (You found it on level 6 of the Dungeon)

   It affects your strength (-5).
   It protects you from poison.
   It greatly protects you from negative energy.
   It increases your rate of regeneration.
   It has a curse placed upon it.
 G - a +0 cloak (worn)
 I - a +2 chain mail of cold resistance (worn)
 L - a +1 pair of gloves
Jewellery
 b - a ring of resist corrosion (left hand)
 r - a ring of stealth (right hand)
Wands
 i - a wand of flame (11/48)
 B - a wand of enslavement (14/24)
 F - a wand of confusion (17/48)
 H - a wand of flame (20/48)
Scrolls
 d - 7 scrolls of remove curse
 g - 2 scrolls of magic mapping
 j - 2 scrolls of random uselessness {unknown}
 s - 5 scrolls of teleportation
 v - a scroll of fear {unknown}
 x - a scroll of recharging
 y - 5 scrolls of identify
 A - a scroll of amnesia {unknown}
 D - a scroll of blinking {unknown}
 E - a scroll of fog {unknown}
Potions
 e - 3 potions of curing
 f - 2 potions of agility {unknown}
 k - a potion of haste
 m - a potion of might
 n - 2 potions of lignification {unknown}
 o - a potion of invisibility {unknown}
 p - a potion of heal wounds {unknown}
 q - 4 potions of brilliance {unknown}
 t - 2 potions of flight
Comestibles
 c - 11 bread rations
 h - 3 meat rations
 z - a beef jerky
 C - a royal jelly
 J - 15 fruits
 M - 12 chunks of flesh


   Skills:
 * Level 10.3 Fighting
 * Level 11.4 Polearms
 * Level 2.4 Throwing
 * Level 11.4 Armour
 + Level 9.5 Dodging
 + Level 3.6 Stealth


You had 10 spell levels left.
You didn't know any spells.

Dungeon Overview and Level Annotations

Branches:
Dungeon (12/15)            Temple (0/1) D:7
   Lair: D:8-11         Orc: D:9-12

Altars:
Ashenzari
Cheibriados
Dithmenos
Fedhas
Gozag
Kikubaaqudgha
Makhleb
Nemelex Xobeh
Pakellas
Ru
Sif Muna
Trog
Xom
Yredelemnul
Zin
The Shining One

Shops:
D:5 %   D:9 [


Innate Abilities, Weirdness & Mutations

You reflexively headbutt those who attack you in melee.
You have a pair of horns on your head.


Message History

You puncture the manticore!
You kill the manticore!
Trog accepts your kill.
You start resting.
Something hits you.
* * * LOW HITPOINT WARNING * * *
Deactivating autopickup; reactivate with Ctrl-A.
You feel a strong urge to attack something.
You feel your anger subside. Something hits you.
* * * LOW HITPOINT WARNING * * *
You are no longer berserk.
You are exhausted.
You feel yourself slow down.
You are feeling hungry.
Something hits you but does no damage.
Eating one of 13 chunks of flesh.
This raw flesh tastes terrible.
Something hits you but does no damage.
You continue eating.
Something hits you but does no damage. Something hits you.
You die...

#.###...# #.#...##...##...####.
#.......# #.##..#.....#..## #.
#####..## #.###...#.#...## #.
#>.# #.....###.....######. #..#
#####..............#.
.#####..#######
##..[......###.#.
..............# #.####.##.#
#.#. ######.######.####.#
#.##.# #.## #.......# #...@..#
#.##.###.## #.##.##.# ########
#.##.##.#.#
#.##.##.#############.##...###.
#.##..........<.......#####...#
#.#####.############### ##.#.#
#.#####.# ##.###. #.......#
#.## ## ######### ##.###.
##.#.#


There were no monsters in sight!

Vanquished Creatures
  Erolcha (D:11)
  The ghost of pragmatic the Protected, a novice GrBe of Trog (D:8)
  A wizard (D:10)
  Pikel (D:8)
  2 hill giants
  An ugly thing (D:9)
  2 manticores
  Joseph (D:7)
  A boulder beetle (D:7)
  2 wyverns
  4 yaks (D:9)
  2 hippogriffs
  4 black bears
  2 slaves (D:8)
  A sky beast (D:6)
  A wasp (D:12)
  4 ice beasts
  2 phantoms
  6 ogres
  6 centaurs
  A big kobold (D:10)
  3 giant frogs
  A wyvern skeleton (D:7)
  2 scorpions
  8 wights (D:6)
  2 howler monkeys
  5 crimson imps
  2 centaur zombies
  2 giant frog zombies
  A wasp zombie (D:6)
  2 hounds
  3 orc priests
  7 orc wizards
  8 jellies
  Jessica (D:3)
  7 worker ants
  Terence (D:2)
  4 giant frog skeletons
  Natasha (thrice) (D:2)
  A killer bee zombie (D:10)
  A worker ant zombie (D:6)
  15 adders
  3 shadow imps
  2 oozes
  3 adder skeletons
  5 giant geckos
  38 orcs
  8 ball pythons
  11 bats
  7 giant cockroaches
  10 hobgoblins
  6 jackals
  9 kobolds
  5 quokkas
  A giant gecko zombie (D:7)
  6 giant newts
  7 goblins
  A jackal skeleton (D:4)
  3 rats
  2 butterflies
252 creatures vanquished.

Vanquished Creatures (collateral kills)
  Maurice (D:9)
  A wyvern (D:10)
  A hungry ghost (D:10)
  An orc warrior (D:10)
  A centaur (D:10)
  A howler monkey (D:10)
  2 orc priests (D:10)
  An orc wizard (D:10)
9 creatures vanquished.

Grand Total: 261 creatures vanquished

Notes
Turn   | Place    | Note
--------------------------------------------------------------
     0 | D:1      | nikopol the Minotaur Berserker began the quest for the Orb.
     0 | D:1      | Reached XP level 1. HP: 19/19 MP: 0/0
   120 | D:1      | Reached XP level 2. HP: 21/27 MP: 1/1
   860 | D:1      | Reached XP level 3. HP: 32/33 MP: 2/2
  1172 | D:2      | Noticed Terence
  1177 | D:2      | Killed Terence
  1305 | D:2      | Reached XP level 4. HP: 36/41 MP: 3/3
  1317 | D:2      | Noticed Natasha
  1326 | D:2      | Killed Natasha
  1326 | D:2      | Reached ** piety under Trog
  1392 | D:2      | Found a shimmering altar of Xom.
  1392 | D:2      | Found a burning altar of Makhleb.
  1629 | D:2      | Noticed Natasha
  1631 | D:2      | Killed Natasha
  1631 | D:2      | Reached skill level 5 in Polearms
  1631 | D:2      | Reached XP level 5. HP: 47/47 MP: 4/4
  1742 | D:2      | Found an ancient bone altar of Kikubaaqudgha.
  1766 | D:2      | Noticed Natasha
  1775 | D:2      | Killed Natasha
  2113 | D:3      | Found a glowing drain.
  2120 | Sewer    | Entered a sewer
  2123 | Sewer    | Reached skill level 5 in Fighting
  2215 | Sewer    | Reached skill level 1 in Stealth
  2571 | D:3      | Found a shadowy altar of Dithmenos.
  2748 | D:3      | Reached *** piety under Trog
  2848 | D:3      | Found a deep blue altar of Sif Muna.
  2952 | D:3      | Noticed Jessica
  2956 | D:3      | Killed Jessica
  3060 | D:4      | Reached XP level 6. HP: 51/56 MP: 5/5
  3383 | D:4      | Found a shattered altar of Ashenzari.
  3876 | D:5      | Entered Level 5 of the Dungeon
  3933 | D:5      | Found a sacrificial altar of Ru.
  4001 | D:5      | Noticed an ice beast
  4008 | D:5      | Killed an ice beast
  4044 | D:5      | Reached XP level 7. HP: 25/62 MP: 6/6
  4241 | D:5      | Reached skill level 5 in Armour
  4562 | D:5      | Found Ferysuge's Food Emporium.
  4874 | D:6      | Noticed a hippogriff
  5091 | D:6      | Reached XP level 8. HP: 62/70 MP: 7/7
  5185 | D:6      | Reached skill level 5 in Dodging
  5376 | D:6      | Reached **** piety under Trog
  5400 | D:5      | Found an oddly glowing altar of Pakellas.
  5400 | D:5      | Found a snail-covered altar of Cheibriados.
  5765 | D:6      | Got a pair of warped gloves
  5776 | D:6      | Identified the cursed +0 pair of gloves of Immorality {rPois rN++ Regen+ Str-5} (You found it on level 6 of the Dungeon)
  5832 | D:6      | Found a sparkling altar of Nemelex Xobeh.
  6067 | D:6      | Reached XP level 9. HP: 53/78 MP: 8/8
  6411 | D:7      | Found a bloodstained altar of Trog.
  6519 | D:7      | Noticed Joseph
  6521 | D:7      | Found a staircase to the Ecumenical Temple.
  6535 | D:7      | Killed Joseph
  6907 | D:7      | Found a glowing golden altar of the Shining One.
  6914 | D:7      | Found a basalt altar of Yredelemnul.
  7213 | D:7      | Noticed an angel
  7265 | D:8      | Noticed pragmatic's ghost (novice GrBe)
  7299 | D:8      | Killed pragmatic's ghost
  7299 | D:8      | Reached XP level 10. HP: 63/89 MP: 9/9
  8369 | D:8      | Noticed Pikel
  8396 | D:8      | Killed Pikel
  8396 | D:8      | Reached ***** piety under Trog
  8396 | D:8      | Reached skill level 10 in Armour
  8640 | D:9      | Noticed a white ugly thing
  8650 | D:9      | Killed a white ugly thing
  8650 | D:9      | Reached skill level 10 in Polearms
  8711 | D:9      | Noticed a hill giant
  8731 | D:8      | Killed a hill giant
  8805 | D:9      | Noticed Maurice
  8821 | D:9      | Killed Maurice
  8875 | D:9      | Found Woshrad's Antique Armour Boutique.
  8883 | D:9      | Bought a glowing chain mail for 139 gold pieces
  9073 | D:9      | Found a blossoming altar of Fedhas.
  9388 | D:9      | You fall through a shaft for 3 floors!
  9517 | D:11     | Noticed Erolcha
  9526 | D:11     | Killed Erolcha
  9526 | D:11     | Reached skill level 1 in Throwing
  9526 | D:11     | Reached XP level 11. HP: 97/97 MP: 10/10
  9576 | D:10     | Entered Level 10 of the Dungeon
  9701 | D:10     | Noticed a hill giant
  9731 | D:10     | Killed a hill giant
  9802 | D:10     | Reached skill level 10 in Fighting
 10017 | D:10     | Noticed a wizard
 10028 | D:10     | Killed a wizard
 10163 | D:9      | Found an opulent altar of Gozag.
 10163 | D:9      | Found a glowing silver altar of Zin.
 10363 | D:9      | HP: 3/100 [manticore (17)]
 10370 | D:9      | HP: 3/151 [something (2)]
 10373 | D:9      | Slain by an unseen horror

Skill      XL: |  1  2  3  4  5  6  7  8  9 10 11 |
---------------+----------------------------------+-----
Polearms       | 4 5 6 7 9 10 11 | 11.4
Fighting       | 4 5 6 8 9 10 | 10.3
Armour         | 3 4 6 7 9 10 11 | 11.4
Dodging        | 3 4 6 7 9 |  9.5
Stealth        | 1 2 3 |  3.6
Throwing       | 1 2 |  2.4

Action                   |  1- 3 |  4- 6 |  7- 9 | 10-12 || total
-------------------------+-------+-------+-------+-------++-------
Melee: Spear             |    83 |   172 |   409 |   589 ||  1253
       Headbutt          |     5 |    25 |    79 |   110 ||   219
Throw: Tomahawk          |       |       |       |    13 ||    13
Invok: Berserk           |     1 |     2 |     5 |     5 ||    13
       Burn Spellbooks   |       |       |     1 |     2 ||     3
       Brothers in Arms  |       |       |       |     2 ||     2
       Trog's Hand       |       |       |       |     1 ||     1
  Use: Scroll            |       |    11 |     3 |       ||    14
 Stab: Sleeping          |       |       |     3 |     2 ||     5
  Eat: Chunk             |     1 |     9 |    14 |    18 ||    42
       Pizza             |       |     1 |       |       ||     1
       Royal jelly       |       |       |     1 |       ||     1
Armor: Animal skin       |     8 |       |       |       ||     8
       Scale mail        |     7 |    50 |   102 |    54 ||   213
       Chain mail        |       |       |       |    72 ||    72
Dodge: Dodged            |    30 |    66 |   145 |   147 ||   388
